 Dungeon Crawl Stone Soup version 0.31-a0-851-g7ff8af7976 (webtiles) character file.

Game seed: 13399249831113093117

502 LeprechaunX the Changeling (level 7, -2/46 HPs)
             Began as an Octopode Shapeshifter on Oct 6, 2023.
             Killed by divine providence
             ... invoked by an orc priest
              (11 damage)
             ... on level 4 of the Dungeon.
             The game lasted 00:02:41 (2461 turns).

LeprechaunX the Changeling (Octopode Shapeshifter)  Turns: 2461, Time: 00:02:42

Health: -2/46      AC:  1    Str: 16    XL:     7   Next: 17%
Magic:  0/8        EV: 13    Int: 12    God:
Gold:   191        SH:  0    Dex: 11    Spells: 6/8 levels left

rFire   . .          .
                       - Unarmed
rCold   . . .        (no shield)
rNeg    . . .        (helmet currently unavailable)
rPois   .            r - amulet of guardian spirit
rElec   .            u - ring of flight
rCorr   .            (no ring)
SInv    .            (no ring)
Will    .....        (no ring)
Stlth   ++           (no ring)
HPRegen 0.27/turn    (no ring)
MPRegen 0.11/turn    (no ring)
                     (no ring)

%: guardian spirit
@: beast-form, flying
A: beast (slay +2), almost no armour, amphibious, 8 rings, camouflage 1,
gelatinous body 1, (nimble swimmer 1), tentacles
a: Begin Untransformation


You were on level 4 of the Dungeon.
You were a hulking beast.
You visited 1 branch of the dungeon, and saw 4 of its levels.

You collected 191 gold pieces.

Inventory:

Hand Weapons
 a - a +0 arbalest
Jewellery
 r - an amulet of guardian spirit (around mantle)
 u - a ring of flight (left tentacle)
Talismans
 b - a beast talisman (active)
 c - a flux talisman
Wands
 t - a wand of iceblast (2)
Scrolls
 d - 4 scrolls of teleportation {unknown}
 e - a scroll of poison {unknown}
 f - 2 scrolls of noise {unknown}
 i - 4 scrolls of identify {unknown}
 j - a scroll of amnesia {unknown}
 l - 2 scrolls of enchant armour {unknown}
 n - a scroll of revelation {unknown}
 q - a scroll of fear {unknown}
Potions
 g - 3 potions of heal wounds {unknown}
 h - a potion of magic {unknown}
 k - a potion of lignification
 m - 2 potions of curing {unknown}
 o - a potion of mutation {unknown}
 p - a potion of ambrosia {unknown}
 s - a potion of attraction {unknown}


   Skills:
 + Level 3.1 Fighting
 + Level 3.6 Dodging
 + Level 4.3 Unarmed Combat
 + Level 1.0 Spellcasting
 + Level 1.1 Transmutations
 * Level 5.0 Shapeshifting


You had 6 spell levels left.
You knew the following spells:

 Your Spells              Type           Power      Damage    Failure   Level
a - Wereblood             Tmut           3%         N/A       28%         2

Your spell library contained the following spells:

 Spells                   Type           Power      Damage    Failure   Level
 Apportation              Tloc           0%         N/A       30%         1
 Jinxbite                 Hex            0%         N/A       41%         2
 Sublimation of Blood     Necr           0%         N/A       41%         2
 Tukima's Dance           Hex            0%         N/A       65%         3
 Dimensional Bullseye     Hex/Tloc       0%         N/A       96%         4
 Iskenderun's Mystic Bla  Conj/Tloc      0%         2d3       96%         4
 Alistair's Intoxication  Tmut/Pois      1%         N/A       100%        5
 Summon Hydra             Summ           0%         N/A       100%        7


Dungeon Overview and Level Annotations

Branches:
Dungeon (4/15)
 Temple: D:4-7

Altars:
Fedhas
Yredelemnul

Shops:
D:1 ?


Innate Abilities, Weirdness & Mutations

You are a hulking beast.
Your limbs bulge with bestial killing power. (Slay +2)
You cannot wear most types of armour.
You are amphibious.
You can wear up to eight rings at the same time.
Your skin changes colour to match your surroundings (Stealth+).
Your rubbery body absorbs attacks. (AC +1, EV +1)
((You are camouflaged when in or above water. (Stealth+)))
You have tentacles for arms and can constrict up to eight enemies at once.


Message History

Found a rapier.
The orc shouts!
You hear a shout!
The orc unwields a +0 trident.
The orc wields a +0 sling.
The orc shoots a sling bullet.
The sling bullet hits you.
You hear an angry hiss.
An orc priest and 2 orcs come into view.
An iguana comes into view.
The orc shoots a sling bullet.
The sling bullet barely misses you.
The orc priest moves out of view.
The orc shoots a sling bullet.
The sling bullet misses you.
There is a stone staircase leading down here.
The orc shoots a sling bullet.
The sling bullet hits you.
Found a dagger.
Found a stone staircase leading up.
The orc hits you with a +0 trident.
The orc priest shouts!
You bludgeon the iguana! You grab the iguana.
The iguana is heavily wounded.
You constrict the iguana.
The orc priest invokes the aid of Beogh against you.
Beogh smites you!
A kobold comes into view. It is wielding a +2 whip of venom.
The orc misses you. The iguana closely misses you.
The orc unwields a +0 sling.
The orc wields a +0 trident.
The orc completely misses you.
You barely miss the iguana. You squeeze the iguana!
The iguana is almost dead.
You constrict the iguana.
You kill the iguana!
The orc hits you with a +0 club. The orc misses you. The orc barely misses you.
Your Shapeshifting skill increases to level 5!
You closely miss the orc priest. Your grab misses the orc priest.
Your squeeze misses the orc priest. The orc hits you with a +0 club.
The orc hits you with a +0 trident!
The orc priest calls down the wrath of Beogh upon you.
Pain shoots through your body!
* * * LOW HITPOINT WARNING * * *
The orc barely misses you. The orc attacks as it pursues you!
The orc misses you.
The orc priest invokes the aid of Beogh against you.
Beogh smites you!
You die...

........##..##....# #...)
........##........##....#
........................#
........##...#...........
.......##..#.#...........
.......###.#.#..........#
#..........#......o...K..
#..........#....o.o......
................h.o......
....^..........>........<
............##..####.....
..##.....................
.###.####.#..##.....)....
####.##...#......#.....##
#.##....#.#....=.##.##..
......### ....##.. ##
.†...## ..#### ..#


You could see an orc priest, 3 orcs and a kobold.

Vanquished Creatures
  Grinder (D:3)
  Sigmund (D:2)
  Jessica (D:2)
  An iguana (D:4)
  Robin (D:2)
  3 adders
  2 dart slugs
  8 ball pythons
  6 bats
  8 endoplasms
  2 giant cockroaches (D:1)
  10 goblins
  8 hobgoblins
  2 jackals (D:1)
  7 kobolds
  A quokka (D:1)
  4 frilled lizards
  7 rats
73 creatures vanquished.

Notes
Turn   | Place    | Note
-------+----------+-------------------------------------------
     0 | D:1      | LeprechaunX the Octopode Shapeshifter began the quest for
                  | the Orb.
     0 | D:1      | Reached XP level 1. HP: 13/13 MP: 1/1
    68 | D:1      | Reached XP level 2. HP: 12/18 MP: 2/2
   307 | D:1      | Reached XP level 3. HP: 21/23 MP: 3/3
   548 | D:1      | Found Etrolaidia's Magic Scroll Shoppe.
   845 | D:2      | Noticed Robin
   851 | D:2      | Killed Robin
   857 | D:2      | Reached XP level 4. HP: 14/29 MP: 4/4
   978 | D:2      | Found a basalt altar of Yredelemnul.
  1028 | D:2      | Noticed Jessica
  1039 | D:2      | Killed Jessica
  1494 | D:2      | Noticed Sigmund
  1497 | D:2      | Killed Sigmund
  1498 | D:2      | Reached skill level 4 in Shapeshifting
  1498 | D:2      | Reached XP level 5. HP: 35/35 MP: 5/5
  1498 | D:2      | Reached XP level 6. HP: 41/41 MP: 6/6
  1670 | D:2      | Learned a level 2 spell: Wereblood
  1760 | D:3      | Found a blossoming altar of Fedhas.
  1952 | D:3      | Noticed Grinder
  1957 | D:3      | Killed Grinder
  1958 | D:3      | Reached skill level 1 in Transmutations
  1958 | D:3      | Reached XP level 7. HP: 32/46 MP: 6/8
  2256 | D:3      | Reached skill level 1 in Spellcasting
  2460 | D:4      | Reached skill level 5 in Shapeshifting
  2461 | D:4      | Killed from afar by an orc priest

Illustrated notes

Levels and vault maps discovered:
D:1:      denvon_arrival_planthouse, layout_basic, serial_shops, shop
D:2:      layout_loops_cross, basic_altar, minmay_misc_feat_tower,
          grunt_ministairs_8, uniq_jessica, uniq_sigmund, uniq_robin
D:3:      layout_basic, fedhas_ov_isle_minmay, uniq_grinder
D:4:      layout_cave_pools

Skill      XL: |  1  2  3  4  5  6  7 |
---------------+----------------------+-----
Fighting       | 2 3 |  3.1
Dodging        | 3 |  3.6
Unarmed Combat | 4 |  4.3
Shapeshifting  | 4 5 |  5.0
Transmutations | 1 |  1.1
Spellcasting   | 1 |  1.0

Action                     |  1- 3 |  4- 6 |  7- 9 || total
---------------------------+-------+-------+-------++-------
  Melee: Unarmed           |    71 |    46 |    21 ||   138
         Constrict         |    21 |    11 |     5 ||    37
         Tentacles         |    11 |    12 |     4 ||    27
         Punch             |     2 |       |       ||     2
   Fire: Arbalest          |       |     1 |       ||     1
   Stab: Sleeping          |     7 |     3 |       ||    10
 Armour: Skin              |    28 |    15 |    12 ||    55
  Dodge: Dodged            |    42 |    25 |    24 ||    91

Table legend: (Time is in decaauts)
 A = Elapsed time spent in this place.
 B = Non-inter-level travel time spent in this place.
 C = Inter-level travel time spent in this place.
 D = Time resting spent in this place.
 E = Time spent auto-exploring this place.
 F = Levels seen in this place.
 G = Mean time per level.
                   A        B        C        D        E       F      G
               +--------+--------+--------+--------+--------+-----+--------+
         Total |   2451 |   2323 |    128 |     61 |   1848 |   4 |  612.8 |
       Dungeon |   2451 |   2323 |    128 |     61 |   1848 |   4 |  612.8 |
               +--------+--------+--------+--------+--------+-----+--------+

Top non-repeatable levels by time:
     D:2: 917 daAuts
     D:1: 775 daAuts
     D:3: 657 daAuts
     D:4: 100 daAuts
